 Dungeon Crawl Stone Soup version 0.21-a0-531-gacddea6 (webtiles) character file.

117 slep the Chopper (level 4, -7/34 HPs)
             Began as a Demonspawn Gladiator on Dec 14, 2017.
             Mangled by a hellwing (13 damage)
             ... created by the fury of Makhleb
             ... on level 2 of the Dungeon.
             The game lasted 00:06:57 (1268 turns).

slep the Chopper (Demonspawn Gladiator)             Turns: 1268, Time: 00:06:58

Health: -7/34      AC:  6    Str: 16    XL:     4   Next: 71%
Magic:  0/4        EV: 12    Int: 14    God:
Gold:   49         SH:  0    Dex: 14    Spells: 3/3 levels left

rFire    . . .     SeeInvis .   a - +0 war axe
rCold    . . .     Gourm    .   (no shield)
rNeg     . . .     Faith    .   s - +0 ring mail (curse)
rPois    .         Spirit   +   c - +0 helmet
rElec    .         Reflect  .   t - scarf {Spirit}
rCorr    .         Harm     .   (no gloves)
MR       .....                  (no boots)
Stlth    +.........             (no amulet)
HPRegen  0.11/turn              (no ring)
MPRegen  0.09/turn              (no ring)

@: brilliant
A: magic shield
a: no special abilities


You were on level 2 of the Dungeon.
You were not hungry.

You visited 1 branch of the dungeon, and saw 2 of its levels.

You collected 49 gold pieces.

Inventory:

Hand Weapons
 a - a +0 war axe (weapon)
Missiles
 d - 3 throwing nets (quivered)
 l - 8 tomahawks
Armour
 b - a +0 leather armour
 c - a +0 helmet (worn)
 g - a +3 leather armour
 s - a cursed +0 ring mail (worn)
 t - a scarf of spirit shield (worn)
Scrolls
 e - 4 scrolls of identify {unknown}
 h - 2 scrolls of enchant weapon {unknown}
 j - 2 scrolls of teleportation {unknown}
 m - 2 scrolls of blinking {unknown}
 n - a scroll of remove curse {unknown}
 o - a scroll of noise {unknown}
 p - a scroll of immolation {unknown}
Potions
 i - 3 potions of heal wounds
Comestibles
 f - 3 bread rations
 q - 8 fruits


   Skills:
 + Level 2.4 Fighting
 + Level 4.1 Axes
 + Level 1.9 Throwing
 + Level 1.2 Armour
 + Level 3.1 Dodging
 + Level 0.2 Stealth


You had 3 spell levels left.
You didn't know any spells.

Dungeon Overview and Level Annotations

Branches:
Dungeon (2/15)

Altars:
Makhleb


Innate Abilities, Weirdness & Mutations

When hurt, damage is shared between your health and your magic reserves.


Message History

It was a potion of curing.
You feel better. The hellwing misses you. The hellwing hits you.
It was a potion of heal wounds.
You feel much better. The hellwing hits you! x2
You barely miss the hellwing.
The hellwing hits you but does no damage.
The hellwing barely misses you.
Your ring mail prevents you from hitting the hellwing.
The hellwing hits you but does no damage.
The hellwing hits you! The hellwing misses you. The hellwing hits you.
* * * LOW HITPOINT WARNING * * *
Unknown command.
The hellwing swoops through the air toward you!
The hellwing barely misses you. x2
The hellwing swoops through the air toward you!
The hellwing misses you. The hellwing hits you.
* * * LOW HITPOINT WARNING * * *
You hit the hellwing.
The hellwing is lightly wounded.
The hellwing hits you!
You die...

#....†.....###.P♣♣♣..##....# #...
#...††....##.....♣♣♣....#.####.##
#>........##...P..♣♣♣.##)...####.
#.........##...PP..♣♣P##.##...#.#
#..........#.P.P..P♣P.##.#####.##
######.#......♣♣.♣♣♣.....### ###
# #.........PPP♣♣P..##...#....
#####...#.##......P.#..#........
......###.##...4@..........#....
.................#####.....# ###
...)...................##### ##
###.#)P.P.P.<###..###..# ###.
##..PPPP♣...# ##.##...## ###...
##.....P♣♣♣P†#.......#..####...##
...#.P♣♣♣♣♣....##.#####....<.###
##....P♣♣♣.................####
##.###P♣PP†...#######.........#


You could see a hellwing.

Vanquished Creatures
  A crimson imp (D:2)
  2 adders (D:2)
  A worm (D:2)
  2 dart slugs
  2 leopard geckos (D:2)
  A ball python (D:1)
  4 giant cockroaches
  9 goblins
  6 hobgoblins
  3 jackals (D:1)
  A quokka (D:2)
  9 bats
  6 frilled lizards
  5 kobolds
  2 rats
54 creatures vanquished.

Notes
Turn   | Place    | Note
-------+----------+-------------------------------------------
     0 | D:1      | slep the Demonspawn Gladiator began the quest for the Orb.
     0 | D:1      | Reached XP level 1. HP: 16/16 MP: 1/1
   176 | D:1      | Gained mutation: When hurt, damage is shared between your health and your magic reserves. [demonic ancestry]
   176 | D:1      | Reached XP level 2. HP: 11/22 MP: 2/2
   245 | D:1      | Reached skill level 3 in Axes
   796 | D:2      | Reached XP level 3. HP: 26/27 MP: 3/3
  1087 | D:2      | Reached XP level 4. HP: 30/34 MP: 4/4
  1109 | D:2      | Reached skill level 4 in Axes
  1109 | D:2      | Reached skill level 1 in Armour
  1188 | D:2      | Found a faded altar of an unknown god.
  1190 | D:2      | Became a worshipper of Makhleb the Destroyer
  1190 | D:2      | Reached * piety under Makhleb
  1191 | D:2      | Fell from the grace of Makhleb
  1248 | D:2      | Noticed a hellwing
  1268 | D:2      | Mangled by a hellwing

Vault maps used:
D:1:      evilmike_arrival_rings
D:2:      serial_forest, infiniplex_forest_clump_medium,
          infiniplex_forest_clump_double, infiniplex_forest_clump_C,
          infiniplex_forest_lined_3_way, infiniplex_forest_straight_4,
          chequers_ecumenical_altar_twisty, first_bread, minmay_domino_4

Skill      XL: |  1  2  3  4 |
---------------+-------------+-----
Axes           | 3 4 |  4.1
Dodging        | 3 |  3.1
Armour         | 1 |  1.2
Fighting       | |  2.4
Throwing       | |  1.9
Stealth        | |  0.2

Action                   |  1- 3 |  4- 6 || total
-------------------------+-------+-------++-------
Melee: War axe           |   118 |    29 ||   147
Invok: Renounce Religion |       |     1 ||     1
  Use: Potion            |       |     3 ||     3
 Stab: Sleeping          |     1 |       ||     1
  Eat: Chunk             |       |     1 ||     1
Armor: Leather armour    |    58 |       ||    58
       Ring mail         |     5 |    16 ||    21
Dodge: Dodged            |    99 |    24 ||   123

Table legend:
 A = Spawn XP
 B = Non-spawn XP
 C = Spawn XP percentage of total XP
 D = Spawn monster count
 E = Non-spawn monster count
 F = Spawn count percentage of total count
 G = Total turns spent on level
                    A         B        C        D         E        F      G
               +---------+---------+-------+---------+---------+-------+---------
         Total |       0 |     168 |   0.0 |       0 |      54 |   0.0 |  1268
               +---------+---------+-------+---------+---------+-------+---------
           D:1 |       0 |      35 |   0.0 |       0 |      20 |   0.0 |   784
           D:2 |       0 |     133 |   0.0 |       0 |      34 |   0.0 |   484
               +---------+---------+-------+---------+---------+-------+---------
